 Dungeon Crawl Stone Soup version 0.21.1-1-g345015f (webtiles) character file.

1873 tidbits the Insei (level 9, 6/66 HPs)
             Began as a Gnoll Transmuter on Feb 19, 2018.
             Quit the game on level 6 of the Dungeon.
             The game lasted 00:17:02 (1430 turns).

tidbits the Insei (Gnoll Transmuter)                Turns: 1430, Time: 00:17:03

Health: 6/66       AC:  8    Str: 12    XL:     9   Next: 14%
Magic:  18/18      EV: 16    Int: 18    God:
Gold:   98         SH:  0    Dex: 17    Spells: 4/20 levels left

rFire    . . .     SeeInvis .   E - +3 flail of Armageddon {crush, rPois} (curse)
rCold    . . .     Gourm    .   (no shield)
rNeg     . . .     Faith    .   b - +0 robe
rPois    +         Spirit   .   (no helmet)
rElec    .         Reflect  .   (no cloak)
rCorr    .         Harm     .   (no gloves)
MR       .....                  (no boots)
Stlth    ++++......             F - amulet of magic regeneration
HPRegen  0.21/turn              v - ring of stealth
MPRegen  0.41/turn              (no ring)

@: icy armour, slow
A: distributed training, fangs 1, strong nose
a: no special abilities


You were on level 6 of the Dungeon.
You were not hungry.

You visited 2 branches of the dungeon, and saw 8 of its levels.

You collected 197 gold pieces.
You spent 99 gold pieces at shops.

Inventory:

Hand Weapons
 l - a +1 dagger
 E - the cursed +3 flail of Armageddon (weapon) {crush, rPois}
   (You found it on level 7 of the Dungeon)

   It inflicts extra damage upon your enemies.
   It protects you from poison.
   It has a curse placed upon it.
 H - a +0 war axe
 I - a +2 hand axe of distortion
   (You took it off an orc on level 7 of the Dungeon)
Missiles
 a - 53 arrows
 f - 27 stones (quivered)
 k - 10 tomahawks
Armour
 b - a +0 robe (worn)
 g - a +0 ring mail
 G - a +0 pair of boots
 J - a +3 ring mail
Jewellery
 v - a ring of stealth (left hand)
   (You found it on level 3 of the Dungeon)
 w - a +3 amulet of reflection
   (You found it on level 5 of the Dungeon)
 F - an amulet of magic regeneration (around neck)
   (You found it on level 7 of the Dungeon)
Wands
 h - a wand of iceblast (15)
 n - a wand of polymorph (9)
 p - a wand of paralysis (10)
 u - a wand of random effects (32)
Scrolls
 i - a scroll of identify
 r - 2 scrolls of remove curse
 x - 2 scrolls of fear
 y - a scroll of teleportation
 B - a scroll of enchant weapon
 C - a scroll of immolation
 D - a scroll of holy word
Potions
 e - 2 potions of heal wounds
 j - a potion of ambrosia
 m - a potion of cancellation
 o - 2 potions of curing
 q - a potion of invisibility
 s - 2 potions of brilliance
 A - a potion of might
Books
 d - a book of Changes

   Spells                             Type                      Level
   a - Beastly Appendage              Transmutation                1
   b - Sticks to Snakes               Transmutation                2
   c - Spider Form                    Transmutation/Poison         3
   d - Ice Form                       Ice/Transmutation            4
   e - Blade Hands                    Transmutation                5
 t - a book of Minor Magic
   (You found it on level 4 of the Dungeon)

   Spells                             Type                      Level
   a - Magic Dart                     Conjuration                  1
   b - Blink                          Translocation                2
   c - Call Imp                       Summoning                    2
   d - Slow                           Hexes                        2
   e - Conjure Flame                  Conjuration/Fire             3
   f - Mephitic Cloud                 Conjuration/Poison/Air       3
 z - a book of Frost
   (You found it on level 5 of the Dungeon)

   Spells                             Type                      Level
   a - Freeze                         Ice                          1
   b - Throw Frost                    Conjuration/Ice              2
   c - Ozocubu's Armour               Charms/Ice                   3
   d - Throw Icicle                   Conjuration/Ice              4
   e - Summon Ice Beast               Ice/Summoning                4
Comestibles
 c - 5 rations


   Skills:
 + Level 4.7 Fighting
 + Level 3.9 Short Blades
 + Level 3.9 Long Blades
 + Level 3.9 Axes
 + Level 3.9 Maces & Flails
 + Level 3.9 Polearms
 + Level 3.9 Staves
 + Level 3.9 Slings
 + Level 3.9 Bows
 + Level 3.9 Crossbows
 + Level 3.9 Throwing
 + Level 3.9 Armour
 + Level 6.1 Dodging
 + Level 3.9 Stealth
 + Level 3.9 Shields
 + Level 7.7 Unarmed Combat
 + Level 6.4 Spellcasting
 + Level 3.2 Conjurations
 + Level 3.2 Hexes
 + Level 3.2 Charms
 + Level 3.2 Summonings
 + Level 3.2 Necromancy
 + Level 3.2 Translocations
 + Level 5.0 Transmutations
 + Level 3.2 Fire Magic
 + Level 3.2 Ice Magic
 + Level 3.2 Air Magic
 + Level 3.2 Earth Magic
 + Level 3.2 Poison Magic
 + Level 4.2 Invocations
 + Level 3.9 Evocations


You had 4 spell levels left.
You knew the following spells:

 Your Spells              Type           Power        Failure   Level  Hunger
e - Beastly Appendage     Tmut           ###...       1%          1    None
i - Ice Form              Ice/Tmut       ###.....     21%         4    ####...
k - Sticks to Snakes      Tmut           ###.....     2%          2    None
m - Mephitic Cloud        Conj/Pois/Air  ###.....     10%         3    ##.....
o - Ozocubu's Armour      Chrm/Ice       ###.....     10%         3    ##.....
p - Spider Form           Tmut/Pois      ###.......   6%          3    ##.....


Dungeon Overview and Level Annotations

Branches:
Dungeon (7/15)             Temple (1/1) D:7

Altars:
Ashenzari
Dithmenos
Elyvilon
Fedhas
Gozag
Hepliaklqana
Makhleb
Nemelex Xobeh
Qazlal
Sif Muna
Trog
Uskayaw
Vehumet
Wu Jian
Xom
Yredelemnul
Zin
The Shining One

Shops:
D:5 !


Innate Abilities, Weirdness & Mutations

Your experience applies equally to all skills.
You have very sharp teeth.
Your uncanny sense of smell can sniff out nearby items.


Message History

Your Dodging skill increases to level 6!
Your Transmutations skill increases to level 5!
An orc and an orc warrior come into view.
The orc warrior shouts!
You hear a shout! x2
An orc wizard comes into view. It is wielding a dagger.
The orc wizard shouts!
The orc shouts!
Casting: Beastly Appendage
Confirm with . or Enter, or press ? or * to list all spells.
A film of ice covers your body! The orc warrior closely misses you.
Unknown command.
You closely miss the orc warrior. You claw the orc warrior.
The orc warrior is lightly wounded.
Your transformation is almost over.
The orc warrior completely misses you.
The orc wizard mumbles some strange words.
The orc wizard blinks!
You hit the orc warrior. Your kick misses the orc warrior.
The orc warrior is moderately wounded.
The orc warrior barely misses you.
The orc warrior hits you with a trident!
You barely miss the orc warrior. You claw the orc warrior.
The orc warrior is moderately wounded.
The orc warrior hits you with a trident.
You hit the orc warrior but do no damage.
The orc warrior is moderately wounded.
The orc warrior closely misses you.
You closely miss the orc warrior.
The orc warrior is moderately wounded.
The orc warrior hits you with a trident!
* * * LOW HITPOINT WARNING * * *
You barely miss the orc warrior. You claw the orc warrior.
The orc warrior is moderately wounded.
The orc warrior hits you with a trident!
* * * LOW HITPOINT WARNING * * *
You hit the orc warrior.
You claw the orc warrior, but do no damage.
The orc warrior is heavily wounded.
The orc warrior closely misses you.
You hit the orc warrior but do no damage.
You claw the orc warrior, but do no damage.
The orc warrior is heavily wounded.
The orc warrior barely misses you.
You closely miss the orc warrior.
You punch the orc warrior, but do no damage.
The orc warrior is heavily wounded.
Your talons disappear.
The orc warrior hits you with a trident.
* * * LOW HITPOINT WARNING * * *
You hit the orc warrior but do no damage.
The orc warrior is heavily wounded.
The orc warrior barely misses you.
You sock the orc warrior! Your bite misses the orc warrior.
The orc warrior is severely wounded.
The orc warrior hits you with a trident!
* * * LOW HITPOINT WARNING * * *
You closely miss the orc warrior.
The orc warrior is severely wounded.
The orc warrior completely misses you.
You sock the orc warrior!
You kill the orc warrior!
The orc wizard mumbles some strange words.
The orc wizard blinks!
The orc hits you but does no damage.
Things that are here:
a trident; a plate armour You completely miss the orc.
You hit the orc wizard. Your bite misses the orc wizard.
The orc wizard is moderately wounded.
You thump the orc wizard!
You kill the orc wizard!
An orc comes into view. It is wielding a short sword.
You barely miss the orc. The orc barely misses you.
You thump the orc!
You kill the orc!
You hit the orc.
The orc is heavily wounded.
The orc hits you with a short sword.
* * * LOW HITPOINT WARNING * * *
You barely miss the orc. Your bite misses the orc.
The orc is heavily wounded.
The orc hits you but does no damage.
You thump the orc!
You kill the orc!
Okay, then.
Items here: ))) [[ † Unknown command.
Okay, then.
An orc comes into view. It is wielding a hand axe.
You completely miss the orc. You bite the orc.
The orc is moderately wounded.
The orc barely misses you.
You sock the orc!
You kill the orc!
Things that are here:
a hand axe; an orc corpse A hound comes into view.
Found a potion of degeneration.
Things that are here:
a hand axe; an orc corpse Are you sure you want to abandon this character and quit the game? (Confirm with "yes".)

......#
#......########
.###..# ......#.# )#
#..# ###..##.# .#
#..# ##..##.#
.###..# ....##)#
......# .###.##)#
..#...# #.....#
#.#...# #..##.#
#.#...# #.@.###
#.#...####. ##..#
#.................#
##...#####...!....#
#.........h......#
##..#####.........
#..# #..........
#..# #.........#
###..#####.........#


There were no monsters in sight!

Vanquished Creatures
  The ghost of Autsider the Skirmisher, an amateur HOFi of Qazlal (D:4)
  Prince Ribbit (D:5)
  A hippogriff (D:7)
  2 orc warriors (D:6)
  A phantom (D:7)
  2 ice beasts
  2 ogres
  A necrophage (D:6)
  A scorpion (D:4)
  A killer bee (D:4)
  A crimson imp (D:6)
  An orc priest (D:7)
  3 hounds
  A jelly (D:7)
  Ijyb (D:4)
  Natasha (D:4)
  5 orc wizards
  A hound skeleton (D:7)
  A worker ant zombie (D:7)
  4 adders
  An ooze (D:7)
  3 worms
  A dart slug (D:1)
  3 leopard geckos
  23 orcs
  2 giant cockroaches
  A goblin (D:1)
  3 hobgoblins
  A ball python skeleton (D:4)
  2 bats
  4 frilled lizards
  A jackal skeleton (D:4)
  3 kobolds (D:2)
  4 rats
84 creatures vanquished.

Vanquished Creatures (collateral kills)
  A jelly (D:6)
  A leopard gecko (D:6)
2 creatures vanquished.

Grand Total: 86 creatures vanquished

Notes
Turn   | Place    | Note
-------+----------+-------------------------------------------
     0 | D:1      | tidbits the Gnoll Transmuter began the quest for the Orb.
     0 | D:1      | Reached XP level 1. HP: 17/17 MP: 6/6
    98 | D:1      | Reached XP level 2. HP: 22/23 MP: 5/7
   108 | D:1      | Learned a level 2 spell: Sticks to Snakes
   288 | D:2      | Found a hazy altar of Hepliaklqana.
   293 | D:2      | Reached XP level 3. HP: 9/28 MP: 9/9
   322 | D:2      | Learned a level 3 spell: Spider Form
   331 | D:2      | You fall through a shaft for 2 floors!
   335 | D:4      | Reached skill level 5 in Spellcasting
   339 | D:4      | Reached skill level 1 in Short Blades
   339 | D:4      | Reached skill level 1 in Long Blades
   339 | D:4      | Reached skill level 1 in Axes
   339 | D:4      | Reached skill level 1 in Maces & Flails
   339 | D:4      | Reached skill level 1 in Polearms
   339 | D:4      | Reached skill level 1 in Staves
   339 | D:4      | Reached skill level 1 in Slings
   339 | D:4      | Reached skill level 1 in Bows
   339 | D:4      | Reached skill level 1 in Crossbows
   339 | D:4      | Reached skill level 1 in Throwing
   339 | D:4      | Reached skill level 1 in Armour
   339 | D:4      | Reached skill level 1 in Stealth
   339 | D:4      | Reached skill level 1 in Shields
   339 | D:4      | Reached skill level 1 in Invocations
   339 | D:4      | Reached skill level 1 in Evocations
   347 | D:4      | Noticed Autsider's ghost (amateur HOFi)
   362 | D:4      | Killed Autsider's ghost
   362 | D:4      | Reached skill level 3 in Fighting
   362 | D:4      | Reached skill level 1 in Conjurations
   362 | D:4      | Reached skill level 1 in Hexes
   362 | D:4      | Reached skill level 1 in Charms
   362 | D:4      | Reached skill level 1 in Summonings
   362 | D:4      | Reached skill level 1 in Necromancy
   362 | D:4      | Reached skill level 1 in Translocations
   362 | D:4      | Reached skill level 4 in Transmutations
   362 | D:4      | Reached skill level 1 in Fire Magic
   362 | D:4      | Reached skill level 1 in Ice Magic
   362 | D:4      | Reached skill level 1 in Air Magic
   362 | D:4      | Reached skill level 1 in Earth Magic
   362 | D:4      | Reached skill level 1 in Poison Magic
   362 | D:4      | Reached skill level 2 in Invocations
   362 | D:4      | Reached XP level 4. HP: 35/35 MP: 6/11
   362 | D:4      | Reached XP level 5. HP: 41/41 MP: 6/12
   362 | D:4      | Reached XP level 6. HP: 47/47 MP: 6/13
   370 | D:4      | Noticed Ijyb
   377 | D:4      | Killed Ijyb
   389 | D:4      | Reached skill level 2 in Short Blades
   389 | D:4      | Reached skill level 2 in Long Blades
   389 | D:4      | Reached skill level 2 in Axes
   389 | D:4      | Reached skill level 2 in Maces & Flails
   389 | D:4      | Reached skill level 2 in Polearms
   389 | D:4      | Reached skill level 2 in Staves
   389 | D:4      | Reached skill level 2 in Slings
   389 | D:4      | Reached skill level 2 in Bows
   389 | D:4      | Reached skill level 2 in Crossbows
   389 | D:4      | Reached skill level 2 in Throwing
   389 | D:4      | Reached skill level 2 in Armour
   389 | D:4      | Reached skill level 5 in Dodging
   389 | D:4      | Reached skill level 2 in Stealth
   389 | D:4      | Reached skill level 2 in Shields
   389 | D:4      | Reached skill level 2 in Evocations
   467 | D:4      | Noticed Natasha
   474 | D:4      | Learned a level 4 spell: Ice Form
   481 | D:4      | Killed Natasha
   483 | D:4      | Reached XP level 7. HP: 52/52 MP: 7/15
   553 | D:4      | Reached skill level 7 in Unarmed Combat
   587 | D:5      | Entered Level 5 of the Dungeon
   595 | D:5      | Reached skill level 2 in Conjurations
   595 | D:5      | Reached skill level 2 in Hexes
   595 | D:5      | Reached skill level 2 in Charms
   595 | D:5      | Reached skill level 2 in Summonings
   595 | D:5      | Reached skill level 2 in Necromancy
   595 | D:5      | Reached skill level 2 in Translocations
   595 | D:5      | Reached skill level 2 in Fire Magic
   595 | D:5      | Reached skill level 2 in Ice Magic
   595 | D:5      | Reached skill level 2 in Air Magic
   595 | D:5      | Reached skill level 2 in Earth Magic
   595 | D:5      | Reached skill level 2 in Poison Magic
   691 | D:6      | Reached skill level 3 in Invocations
   715 | D:5      | Found Foun's Distillery.
   725 | D:5      | Bought a potion of brilliance for 44 gold pieces
   725 | D:5      | Bought a potion of might for 44 gold pieces
   725 | D:5      | Bought a potion of degeneration for 11 gold pieces
   730 | D:5      | Learned a level 3 spell: Ozocubu's Armour
   734 | D:5      | Learned a level 3 spell: Mephitic Cloud
   751 | D:5      | Noticed Prince Ribbit
   765 | D:5      | Killed Prince Ribbit
   765 | D:5      | Reached skill level 4 in Fighting
   765 | D:5      | Reached XP level 8. HP: 23/60 MP: 8/16
   886 | D:6      | Reached skill level 3 in Short Blades
   886 | D:6      | Reached skill level 3 in Long Blades
   886 | D:6      | Reached skill level 3 in Axes
   886 | D:6      | Reached skill level 3 in Maces & Flails
   886 | D:6      | Reached skill level 3 in Polearms
   886 | D:6      | Reached skill level 3 in Staves
   886 | D:6      | Reached skill level 3 in Slings
   886 | D:6      | Reached skill level 3 in Bows
   886 | D:6      | Reached skill level 3 in Crossbows
   886 | D:6      | Reached skill level 3 in Throwing
   886 | D:6      | Reached skill level 3 in Armour
   886 | D:6      | Reached skill level 3 in Stealth
   886 | D:6      | Reached skill level 3 in Shields
   886 | D:6      | Reached skill level 3 in Evocations
   914 | D:6      | Reached skill level 6 in Spellcasting
   986 | D:7      | Noticed a hippogriff
  1000 | D:7      | Killed a hippogriff
  1060 | D:7      | Got a translucent flail
  1111 | D:7      | Found a staircase to the Ecumenical Temple.
  1126 | D:7      | Identified the cursed +3 flail of Armageddon {crush, rPois} (You found it on level 7 of the Dungeon)
  1162 | Temple   | Entered the Ecumenical Temple
  1252 | D:7      | Reached skill level 3 in Conjurations
  1252 | D:7      | Reached skill level 3 in Hexes
  1252 | D:7      | Reached skill level 3 in Charms
  1252 | D:7      | Reached skill level 3 in Summonings
  1252 | D:7      | Reached skill level 3 in Necromancy
  1252 | D:7      | Reached skill level 3 in Translocations
  1252 | D:7      | Reached skill level 3 in Fire Magic
  1252 | D:7      | Reached skill level 3 in Ice Magic
  1252 | D:7      | Reached skill level 3 in Air Magic
  1252 | D:7      | Reached skill level 3 in Earth Magic
  1252 | D:7      | Reached skill level 3 in Poison Magic
  1252 | D:7      | Reached skill level 4 in Invocations
  1254 | D:7      | Found a deep blue altar of Sif Muna.
  1299 | D:7      | Reached XP level 9. HP: 32/66 MP: 12/18
  1383 | D:6      | Reached skill level 6 in Dodging
  1383 | D:6      | Reached skill level 5 in Transmutations
  1409 | D:6      | HP: 3/66 [orc warrior/trident (7)]
  1418 | D:6      | HP: 4/66 [orc/short sword (2)]
  1430 | D:6      | Quit the game

Skill      XL: |  1  2  3  4  5  6  7  8  9 |
---------------+----------------------------+-----
Spellcasting   | 5 6 |  6.4
Short Blades   | 1 2 3 |  3.9
Long Blades    | 1 2 3 |  3.9
Axes           | 1 2 3 |  3.9
Maces & Flails | 1 2 3 |  3.9
Polearms       | 1 2 3 |  3.9
Staves         | 1 2 3 |  3.9
Slings         | 1 2 3 |  3.9
Bows           | 1 2 3 |  3.9
Crossbows      | 1 2 3 |  3.9
Throwing       | 1 2 3 |  3.9
Armour         | 1 2 3 |  3.9
Stealth        | 1 2 3 |  3.9
Shields        | 1 2 3 |  3.9
Invocations    | 2 3 4 |  4.2
Evocations     | 1 2 3 |  3.9
Fighting       | 3 4 |  4.7
Conjurations   | 1 2 3 |  3.2
Hexes          | 1 2 3 |  3.2
Charms         | 1 2 3 |  3.2
Summonings     | 1 2 3 |  3.2
Necromancy     | 1 2 3 |  3.2
Translocations | 1 2 3 |  3.2
Transmutations | 4 5 |  5.0
Fire Magic     | 1 2 3 |  3.2
Ice Magic      | 1 2 3 |  3.2
Air Magic      | 1 2 3 |  3.2
Earth Magic    | 1 2 3 |  3.2
Poison Magic   | 1 2 3 |  3.2
Dodging        | 5 6 |  6.1
Unarmed Combat | 7 |  7.7

Action                   |  1- 3 |  4- 6 |  7- 9 || total
-------------------------+-------+-------+-------++-------
Melee: Unarmed           |    74 |    27 |   115 ||   216
       Bite              |     4 |       |     4 ||     8
       Kick              |     9 |       |    14 ||    23
       Punch             |     1 |       |     1 ||     2
       Flail             |       |       |    52 ||    52
Throw: Stone             |     1 |     5 |       ||     6
 Cast: Beastly Appendage |     8 |       |     4 ||    12
       Sticks to Snakes  |     2 |     1 |     9 ||    12
       Spider Form       |     1 |     3 |    11 ||    15
       Ice Form          |       |     1 |     2 ||     3
       Ozocubu's Armour  |       |       |     3 ||     3
  Use: Potion            |     3 |       |       ||     3
       Scroll            |       |     1 |     8 ||     9
 Stab: Sleeping          |       |       |     6 ||     6
  Eat: Chunk             |       |       |     4 ||     4
Armor: Robe              |     5 |       |     3 ||     8
       Skin              |     4 |     1 |     7 ||    12
Dodge: Dodged            |    38 |    25 |   111 ||   174
Block: Other             |       |       |     5 ||     5

Table legend:
 A = Turns spent in this place as a percentage of turns spent in the entire game.
 B = Non-inter-level travel turns spent in this place as a percentage of non-inter-level travel turns spent in the entire game.
 C = Inter-level travel turns spent in this place as a percentage of turns spent in this place.
 D = Turns resting spent in this place as a percentage of non-inter-level travel turns spent in this place.
 E = Turns spent auto-exploring this place as a percentage of non-inter-level travel turns spent in this place.
 F = Non-inter-level travel turns spent in this place divided by the number of levels of this place that you've seen.
                   A       B       C       D       E      F
               +-------+-------+-------+-------+-------+----------------------
         Total | 100.0 | 100.0 |   1.3 |   0.0 |   0.0 | 176.5
       Dungeon |  96.2 |  96.8 |   0.7 |   0.0 |   0.0 | 195.3
        Temple |   3.8 |   3.2 |  16.7 |   0.0 |   0.0 |  45.0
               +-------+-------+-------+-------+-------+----------------------

Table legend:
 A = Kills in this place as a percentage of kills in entire the game.
 B = Kills by you in this place as a percentage of kills by you in the entire game.
 C = Kills by friends in this place as a percentage of kills by friends in the entire game.
 D = Other kills in this place as a percentage of other kills in the entire game.
 E = Experience gained in this place as a percentage of experience gained in the entire game.
 F = Experience gained in this place divided by the number of levels of this place that you have seen.
                   A       B       C       D       E      F
               +-------+-------+-------+-------+-------+----------------------
         Total | 100.0 | 100.0 | 100.0 |   N/A | 100.0 | 334.6
       Dungeon | 100.0 | 100.0 | 100.0 |   N/A | 100.0 | 382.4
               +-------+-------+-------+-------+-------+----------------------

Vault maps used:
D:1:      kennysheep_arrival_seaside, minmay_hexomino_u4
D:2:      kennysheep_slug_shrine, overflow_temple_1_default
D:3:      okawaru_altar_gauntlet_db
D:4:      first_ration, uniq_natasha, uniq_ijyb
D:5:      serial_shops, shop, minmay_misc_feat_secret_circle, uniq_eustachio,
          uniq_sigmund, uniq_pikel, uniq_prince_ribbit1
D:6:      marbit_many_paths
D:7:      kennysheep_mini, temple_doors_cd, kennysheep_boxes
Temple:   compressed_dpeg_circular_temple
